 Dungeon Crawl Stone Soup version 0.21.1-1-g345015f (webtiles) character file.

693 Mirai the Thaumaturge (level 7, -2/36 HPs)
             Began as a Deep Elf Conjurer on Apr 1, 2018.
             Slain by an orc warrior
             ... wielding a +0 hand axe
              (7 damage)
             ... on level 4 of the Dungeon.
             The game lasted 00:12:40 (3245 turns).

Mirai the Thaumaturge (Deep Elf Conjurer)           Turns: 3245, Time: 00:12:41

Health: -2/36      AC:  7    Str:  5    XL:     7   Next: 37%
Magic:  11/23      EV: 13    Int: 22    God:
Gold:   279        SH:  0    Dex: 15    Spells: 21/27 levels left

rFire    . . .     SeeInvis .   t - +0 falchion (elec)
rCold    . . .     Gourm    .   (no shield)
rNeg     + . .     Faith    .   a - +0 robe
rPois    .         Spirit   .   (no helmet)
rElec    .         Reflect  .   (no cloak)
rCorr    .         Harm     .   s - +1 pair of gloves
MR       .....                  l - +2 pair of boots
Stlth    ++........             (no amulet)
HPRegen  0.12/turn              d - ring of positive energy
MPRegen  0.18/turn              (no ring)

@: very slightly contaminated
A: no striking features
a: no special abilities


You were on level 4 of the Dungeon.
You were not hungry.

You visited 2 branches of the dungeon, and saw 5 of its levels.

You collected 279 gold pieces.

Inventory:

Hand Weapons
 n - a +1 short sword
 t - a +0 falchion of electrocution (weapon)
Armour
 a - a +0 robe (worn)
 l - a +2 pair of boots (worn)
 s - a +1 pair of gloves (worn)
Jewellery
 d - a ring of positive energy (left hand)
Scrolls
 e - a scroll of noise {unknown}
 f - 2 scrolls of teleportation
 g - 5 scrolls of fear
 j - 6 scrolls of identify
 k - a scroll of enchant weapon
 o - 2 scrolls of remove curse
Potions
 i - 3 potions of lignification {unknown}
 m - 2 potions of magic {unknown}
 p - 6 potions of curing {unknown}
 q - 2 potions of agility {unknown}
 r - a potion of invisibility {unknown}
 u - a potion of mutation {unknown}
 w - a potion of haste {unknown}
Books
 b - a book of Conjurations

   Spells                             Type                      Level
   a - Magic Dart                     Conjuration                  1
   b - Searing Ray                    Conjuration                  2
   c - Dazzling Spray                 Conjuration/Hexes            3
   d - Fulminant Prism                Conjuration/Hexes            4
   e - Force Lance                    Conjuration/Translocation    4
   f - Iskenderun's Mystic Blast      Conjuration                  4
Comestibles
 c - 16 rations
 h - 3 chunks of flesh


   Skills:
 - Level 2.4 Dodging
 - Level 2.4 Stealth
 + Level 10.9 Spellcasting
 - Level 4.3 Conjurations


You had 21 spell levels left.
You knew the following spells:

 Your Spells              Type           Power        Failure   Level  Hunger
a - Magic Dart            Conj           ####         1%          1    None
b - Searing Ray           Conj           ####..       1%          2    None
c - Dazzling Spray        Conj/Hex       ###...       7%          3    None


Dungeon Overview and Level Annotations

Branches:
Dungeon (4/15)             Temple (1/1) D:4

Altars:
Ashenzari
Cheibriados
Dithmenos
Elyvilon
Fedhas
Gozag
Hepliaklqana
Makhleb
Nemelex Xobeh
Okawaru
Qazlal
Ru
Sif Muna
Trog
Uskayaw
Wu Jian
Xom
Yredelemnul
The Shining One


Message History

The orc warrior hits you with a hand axe!
The searing ray misses the orc warrior.
The searing ray hits the orc warrior.
The orc warrior is severely wounded.
The orc warrior closely misses you.
The searing ray hits the orc warrior.
The orc warrior is almost dead.
You finish channeling your searing ray.
The orc warrior hits you with a hand axe!
* * * LOW HITPOINT WARNING * * *
Casting: Searing Ray
Confirm with . or Enter, or press ? or * to list all spells.
Aiming: Searing Ray
Press: ? - help, Shift-Dir - straight line, f/p - orc warrior
Aim: an orc warrior, wielding a hand axe and wearing a plate armour (almost dead)
The searing ray hits the orc warrior.
The orc warrior is almost dead. (Press . to maintain the ray.)
The orc warrior hits you with a hand axe!
You die...

.#....##.≈##.###)#
#.# #.#
.#...##..#..≈.##.###
#.# #.#
.....#..♣≈..#≈.#...#
####.###.#
##......≈._.#.§..#.#
#........#
#...#_♣.^.≈..≈#.#.#
#.###.####
#...##..^....##.#.#
#.# #.#
#....##_.#..###.#.#
#.###.#
####..###.### #o#.#
#.##..# ##.....#
#@#.# #.##.##
####### #.#.# #.##.
#.#.####.##.##
#.#......##..#
#.##########.# #..##
#..# ##..#### #.##
##.)..####.#
####..##..#


You could see an orc warrior.

Vanquished Creatures
  2 ogres (D:4)
  2 scorpions
  A hound (D:4)
  An orc priest (D:4)
  An orc wizard (D:4)
  A centaur skeleton (D:4)
  2 worker ants (D:4)
  A hound skeleton (D:4)
  7 gnolls
  A howler monkey skeleton (D:4)
  8 adders
  An adder skeleton (D:4)
  A worm (D:3)
  3 dart slugs
  3 leopard geckos
  14 orcs
  10 bats
  5 giant cockroaches
  6 goblins
  6 hobgoblins
  2 jackals (D:3)
  5 kobolds
  2 quokkas
  3 frilled lizards
  A jackal skeleton (D:4)
  10 rats
99 creatures vanquished.

Notes
Turn   | Place    | Note
-------+----------+-------------------------------------------
     0 | D:1      | Mirai the Deep Elf Conjurer began the quest for the Orb.
     0 | D:1      | Reached XP level 1. HP: 10/10 MP: 6/6
   141 | D:1      | Reached skill level 4 in Spellcasting
   141 | D:1      | Reached XP level 2. HP: 9/15 MP: 7/9
   145 | D:1      | Learned a level 2 spell: Searing Ray
   459 | D:1      | Reached XP level 3. HP: 19/19 MP: 1/11
   490 | D:1      | Reached skill level 5 in Spellcasting
   827 | D:2      | Noticed a scorpion
   835 | D:2      | Learned a level 3 spell: Dazzling Spray
   839 | D:2      | Killed a scorpion
   839 | D:2      | Reached skill level 6 in Spellcasting
   839 | D:2      | Reached XP level 4. HP: 24/24 MP: 4/14
  1185 | D:2      | Found a sparkling altar of Nemelex Xobeh.
  1293 | D:3      | Reached skill level 7 in Spellcasting
  1294 | D:3      | Reached XP level 5. HP: 23/28 MP: 4/16
  1881 | D:3      | Reached skill level 8 in Spellcasting
  1901 | D:3      | Noticed a water elemental
  1903 | D:3      | Found a stormy altar of Qazlal.
  1905 | D:3      | Noticed a fire elemental
  1906 | D:3      | Noticed an air elemental
  2144 | D:4      | Reached XP level 6. HP: 32/32 MP: 13/19
  2178 | D:4      | Found an iron altar of Okawaru.
  2251 | D:4      | Reached skill level 9 in Spellcasting
  2302 | D:4      | Found a staircase to the Ecumenical Temple.
  2310 | Temple   | Entered the Ecumenical Temple
  2850 | D:4      | Reached skill level 10 in Spellcasting
  2854 | D:4      | Reached XP level 7. HP: 36/36 MP: 12/22
  3019 | D:4      | Found a shimmering altar of Xom.
  3021 | D:4      | Found a shimmering altar of Xom.
  3026 | D:4      | Found a shimmering altar of Xom.
  3245 | D:4      | Slain by an orc warrior

Skill      XL: |  1  2  3  4  5  6 |
---------------+-------------------+-----
Spellcasting   | 4 6 7 8 10 | 10.9
Dodging        | |  2.4
Stealth        | |  2.4
Conjurations   | |  4.3

Action                   |  1- 3 |  4- 6 |  7- 9 || total
-------------------------+-------+-------+-------++-------
Melee: Short sword       |     3 |     3 |       ||     6
       Falchion          |       |       |     4 ||     4
 Cast: Magic Dart        |    53 |    65 |    15 ||   133
       Searing Ray       |     2 |    23 |     8 ||    33
  Use: Scroll            |       |     7 |     1 ||     8
  Eat: Chunk             |       |     6 |     1 ||     7
Armor: Robe              |     4 |    10 |     4 ||    18
Dodge: Dodged            |    15 |    38 |    20 ||    73
       Rpst.: Falchion   |       |       |     5 ||     5
